Map: Beladona LE

Players

Osangri

  • Race: Terran Terran
  • League: Platinum
  • Spawn Location: 11:00

LowLinK - Winner!

  • Race: Protoss Protoss
  • League: Diamond
  • Spawn Location: 5:00

VOD

Have the link to the VOD?

Description

Time

  • Played on: Feb. 16, 2020, 1:08 p.m.
  • Length: 5:38
Show
View Real Time Build Order
Export as new Build Order

Osangri Terran 

Build Orders: Reaper Expand 

Get SALT Encoding   

  12  0:01  SCV  
  13  0:13  SCV  
  14  0:18  Supply Depot  
  14  0:25  SCV  
  15  0:39  SCV  
  15  0:40  Barracks  
  16  0:47  Refinery  
  16  0:51  SCV  
  17  1:03  SCV  
  18  1:15  SCV  
  19  1:29  Orbital Command  
  19  1:30  Reaper  
  20  1:45  Command Center  
  20  1:56  SCV  
  21  2:03  Supply Depot  
  21  2:15  Barracks Reactor  
  21  2:16  SCV  
  22  2:26  Factory  
  22  2:29  SCV, Refinery  
  23  2:41  SCV  
  24  2:48  Bunker  
  24  2:51  Marine x2  
  24  2:52  Barracks  
  24  2:57  Orbital Command  
  26  2:59  SCV  
  27  3:11  SCV  
  28  3:17  Marine x2  
  30  3:20  Bunker  
  30  3:23  SCV  
  30  3:26  Factory Tech Lab  
  31  3:32  SCV  
  32  3:35  SCV  
  32  3:36  Marine x2  
  35  3:48  SCV x2, Supply Depot  
  37  3:51  Barracks Tech Lab  
  37  3:54  Cyclone  
  40  4:02  Marine  
  40  4:03  Marine  
  40  4:07  SCV x2  
  44  4:15  Marauder  
  46  4:22  Starport  
  43  4:33  Marine  
  43  4:34  Marine  
  42  4:44  Marine  
  29  4:51  Marine  
  29  4:52  Siege Tank  
  28  5:01  Marine  
  28  5:03  Marauder  
  31  5:09  Marine  
  25  5:17  SCV  
Show
View Real Time Build Order
Export as new Build Order

LowLinK Protoss - Winner!

Build Orders:  

Get SALT Encoding   

  12  0:01  Probe  
  13  0:13  Probe  
  14  0:18  Pylon  
  14  0:25  Probe  
  15  0:36  Gateway  
  15  0:37  Probe (Chrono Boost)  
  16  0:47  Assimilator  
  16  0:48  Probe (Chrono Boost)  
  17  0:53  Probe (Chrono Boost)  
  18  1:03  Probe, Assimilator  
  19  1:14  Pylon  
  19  1:15  Probe  
  20  1:23  Cybernetics Core  
  20  1:28  Probe  
  21  1:40  Probe  
  22  1:52  Probe  
  22  1:54  Warp Gate (Chrono Boost)  
  23  1:55  Pylon  
  23  2:00  Stalker  
  25  2:13  Gateway  
  25  2:22  Gateway  
  25  2:26  Gateway  
  25  2:28  Gateway  
  25  2:38  Pylon  
  25  2:46  Gateway  
  25  3:02  Sentry (Chrono Boost)  
  27  3:28  Stalker x3  
  27  3:31  Stalker  
  35  3:41  Stalker  
  37  3:43  Pylon  
  37  3:52  Stalker x2  
  37  3:53  Stalker  
  43  4:03  Stalker  
  43  4:06  Stalker  
  47  4:16  Stalker  
  49  4:17  Sentry  
  49  4:42  Stalker  
  49  4:43  Stalker x2  
  51  4:47  Zealot  
  53  5:15  Stalker  
  53  5:21  Gateway  
  53  5:22  Pylon  
Tags
 
Add a new tag
Caveats
  • Supply blocks, unpowered buildings, or Contaminate may cause inaccurate times.
  • Supply counts are checked every 10 seconds.